 Dungeon Crawl Stone Soup version 0.28.0-53-g5a82cb258f (webtiles) character file.

Game seed: 12848307514925607403

1858214 zackoid the Acrobat (level 27, 369/369 HPs)
             Began as a Pale Draconian Ice Elementalist on Aug 1, 2022.
             Was the Champion of Nemelex Xobeh.
             Escaped with the Orb
             ... and 4 runes on Aug 3, 2022!
             The game lasted 10:03:37 (108121 turns).

zackoid the Acrobat (DrIE)                        Turns: 108121, Time: 10:03:37

Health: 369/369    AC: 23    Str: 30    XL:     27
Magic:  43/43      EV: 18    Int: 27    God:    Nemelex Xobeh [******]
Gold:   1944       SH:  0    Dex: 15    Spells: 4/58 levels left

rFire   + + +      SeeInvis +     - Unarmed
rCold   . . .      Faith    .   (shield currently unavailable)
rNeg    + . .      Spirit   +   (armour unavailable)
rPois   +          Reflect  .   (helmet currently unavailable)
rElec   .          Harm     .   (cloak currently unavailable)
rCorr   .          Rampage  .   (gloves currently unavailable)
Will    +++..                   (boots currently unavailable)
Stlth   ++........              m - amulet "Sileet" {Spirit +Blink rF+ rN+}
HPRegen 0.71/turn               v - ring "Upyogese" {rPois Will+ Str+6 Int+4, =R}
MPRegen 0.28/turn               M - ring "Cihoiw" {rPois rF++ Slay+4}

@: dragon-form, flying, studying 2 skills
A: dragon claw, dragon scales, flying, boosted hp, breathe steam, AC +13, giant,
unfitting armour, (cold-blooded), steam resistance, see invisible, (cold
resistance 1), devolution 1
0: Orb of Zot
}: 4/15 runes: serpentine, barnacled, slimy, silver
a: Breathe Steam, End Transformation, Renounce Religion, Evoke Blink, Draw
Escape, Draw Destruction, Draw Summoning, Draw Stack, Triple Draw, Deal Four,
Stack Five

Skill      XL: |  1  2  3  4  5  6  7  8  9 10 11 12 13 14 15 16 17 18 19 20 21 22 23 24 25 26 27 |
---------------+----------------------------------------------------------------------------------+-----
Ice Magic      | 5 6 7 9 10 | 10.0
Spellcasting   | 3 4 5 6 8 9 11 12 15 16 | 16.0
Transmutations | 2 4 5 7 9 11 13 14 15 | 15.1
Conjurations   | 3 7 9 10 15 16 | 16.0
Invocations    | 3 7 8 10 12 14 16 18 22 | 22.5
Fighting       | 2 6 8 10 12 14 15 18 20 | 20.0
Poison Magic   | 3 5 6 |  6.5
Translocations | 1 5 7 8 12 | 12.2
Dodging        | 4 7 8 9 11 12 13 14 17 22 | 22.7
Air Magic      | 1 5 |  5.0
Unarmed Combat | 10 13 14 16 | 16.0
Evocations     | 4 7 |  7.0
Earth Magic    | 6 7 |  7.9
Shields        | 7 |  7.0
Stealth        | 12 | 12.0


   Skills:
 - Level 20.0 Fighting
 - Level 22.7 Dodging
 - Level 12.0 Stealth
 - Level 7.0 Shields
 - Level 16.0 Unarmed Combat
 - Level 16.0 Spellcasting
 - Level 16.0 Conjurations
 - Level 12.2 Translocations
 - Level 15.1 Transmutations
 - Level 10.0 Ice Magic
 - Level 5.0 Air Magic
 - Level 7.9 Earth Magic
 - Level 6.5 Poison Magic
 + Level 22.5 Invocations
 - Level 7.0 Evocations


You had 4 spell levels left.
You knew the following spells:

 Your Spells              Type           Power      Damage    Failure   Level
a - Freeze                Ice            100%       1d11      1%          1
b - Frozen Ramparts       Ice            100%       1d12      1%          3
c - Hailstorm             Conj/Ice       75%        3d15      1%          4
d - Manifold Assault      Tloc           72%        N/A       1%          5
e - Dragon Form           Tmut           40%        N/A       4%          7
f - Iron Shot             Conj/Erth      36%        9d7       2%          6
g - Freezing Cloud        Conj/Ice/Air   33%        6-21      1%          5
s - Ozocubu's Armour      Ice            66%        N/A       1%          3
v - Ignite Poison         Fire/Tmut/Pois 57%        N/A       1%          3
x - Orb of Destruction    Conj           41%        9d11      2%          7
z - Olgreb's Toxic Radia  Pois           54%        N/A       1%          4
A - Statue Form           Tmut/Erth      47%        N/A       3%          6

Your spell library contained the following spells:

 Spells                   Type           Power      Damage    Failure   Level
 Beastly Appendage        Tmut           100%       N/A       0%          1
 Magic Dart               Conj           100%       1d8       0%          1
 Wereblood                Tmut           80%        N/A       0%          2
 Sandblast                Erth           100%       2d20      1%          1
 Shock                    Conj/Air       100%       1d9       1%          1
 Sting                    Tmut/Pois      100%       1d8       1%          1
 Corpse Rot               Necr/Air       70%        N/A       1%          2
 Ensorcelled Hibernation  Hex/Ice        96%        N/A       1%          2
 Passwall                 Tmut/Erth      59%        N/A       1%          2
 Poisonous Vapours        Pois/Air       100%       N/A       1%          2
 Static Discharge         Conj/Air       67%        N/A       1%          2
 Dazzling Flash           Conj/Hex       100%       N/A       1%          3
 Gell's Gravitas          Tloc           72%        N/A       1%          3
 Mephitic Cloud           Conj/Pois/Air  63%        N/A       1%          3
 Portal Projectile        Hex/Tloc       100%       N/A       1%          3
 Spider Form              Tmut/Pois      69%        N/A       1%          3
 Stone Arrow              Conj/Erth      100%       3d13      1%          3
 Teleport Other           Tloc           72%        N/A       1%          3
 Flame Wave               Conj/Fire      59%        2d11      1%          4
 Ice Form                 Ice/Tmut       74%        N/A       1%          4
 Iskenderun's Mystic Bla  Conj/Tloc      78%        2d16      1%          4
 Petrify                  Tmut/Erth      71%        N/A       1%          4
 Sticky Flame             Conj/Fire      59%        2d7       1%          4
 Pain                     Necr           84%        1d8       2%          1
 Slow                     Hex            84%        N/A       2%          1
 Summon Small Mammal      Summ           84%        N/A       2%          1
 Call Imp                 Summ           21%        N/A       3%          2
 Scorch                   Fire           42%        2d7       3%          2
 Airstrike                Air            24%        N/A       3%          4
 Summon Ice Beast         Ice/Summ       48%        N/A       3%          4
 Leda's Liquefaction      Hex/Erth       21%        N/A       4%          4
 Call Canine Familiar     Summ           21%        N/A       7%          3
 Confusing Touch          Hex            21%        N/A       7%          3
 Summon Guardian Golem    Hex/Summ       21%        N/A       7%          3
 Vampiric Draining        Necr           21%        2d7       7%          3
 Summon Lightning Spire   Summ/Air       35%        N/A       9%          4
 Anguish                  Hex/Necr       10%        N/A       22%         4
 Cause Fear               Hex            10%        N/A       22%         4
 Dispel Undead            Necr           21%        3d11      22%         4
 Alistair's Intoxication  Tmut/Pois      46%        N/A       1%          5
 Blade Hands              Tmut           40%        N/A       1%          5
 Iskenderun's Battlesphe  Conj           82%        2d13      1%          5
 Lightning Bolt           Conj/Air       33%        1d51      1%          5
 Fireball                 Conj/Fire      29%        3d13      2%          5
 Dispersal                Tloc           36%        N/A       2%          6
 Yara's Violent Unravell  Hex/Tmut       29%        3d12      3%          5
 Conjure Ball Lightning   Conj/Air       33%        3x3d11    4%          6
 Eringya's Noxious Bog    Tmut/Pois      34%        N/A       4%          6
 Metabolic Englaciation   Hex/Ice        24%        N/A       9%          5
 Borgnjor's Vile Clutch   Necr/Erth      21%        N/A       13%         5
 Starburst                Conj/Fire      29%        6d9       13%         6
 Silence                  Hex/Air        17%        N/A       22%         5
 Ozocubu's Refrigeration  Ice            33%        4d11      32%         7
 Simulacrum               Ice/Necr       24%        N/A       41%         6
 Agony                    Necr           21%        N/A       54%         5
 Excruciating Wounds      Necr           10%        N/A       54%         5
 Spellforged Servitor     Conj/Summ      29%        N/A       58%         7
 Disjunction              Tloc           36%        N/A       71%         8
 Malign Gateway           Summ/Tloc      26%        N/A       85%         7
 Death Channel            Necr           10%        N/A       98%         6
 Summon Cactus Giant      Summ           10%        N/A       98%         6
 Enfeeble                 Hex            10%        N/A       100%        7
 Borgnjor's Revivificati  Necr           10%        N/A       100%        8
 Discord                  Hex            10%        N/A       100%        8
 Ignition                 Fire           10%        3d5       100%        8
 Maxwell's Capacitive Co  Air            24%        ∞         100%        8
 Summon Horrible Things   Summ           10%        N/A       100%        8
 Chain Lightning          Conj/Air       33%        3d44      100%        9
 Dragon's Call            Summ           10%        N/A       100%        9
 Polar Vortex             Ice            33%        N/A       100%        9

Inventory:

Hand Weapons
 a - the +5 bardiche of the Empty Page {flame, +Blink rElec Will+}
   (You found it on level 6 of the Lair of Beasts)

   It burns those it strikes, dealing additional fire damage.
   Big, fiery blades are also staple armaments of hydra-hunters.
   rElec:     It insulates you from electricity.
   +Blink:    It lets you blink.
   Will:      It increases your willpower.
 H - the +6 morningstar of Fixation {vorpal, *Noise rPois rC+ Dex+7}
   (You found it on level 3 of the Realm of Zot)

   It inflicts extra damage upon your enemies.
   Dex:       It affects your dexterity (+7).
   rC:        It protects you from cold.
   rPois:     It protects you from poison.
   *Noise:    It may make noises in combat.
 T - the +6 Majin-Bo {vamp, MP+6 Int+6}
   (You found it on level 6 of the Lair of Beasts)

   It occasionally heals its wielder for a portion of the damage dealt when they
   wound a living foe with it or with a spell.
   Its wielder's spells cost health as well as magical power.
   Int:       It affects your intelligence (+6).
   MP:        It affects your magic capacity (+6).
Missiles
 D - 7 throwing nets {!f}
 E - 7 curare-tipped darts
 W - 11 atropa-tipped darts
Armour
 b - the +1 cloak "Boiqoon" (melded) {Regen+ Dex+7}
   (You found it on level 4 of the Snake Pit)

   Dex:       It affects your dexterity (+7).
   Regen:     It increases your rate of health regeneration.
 e - the +5 buckler "Jadulliew" (melded) {+Blink MP+9 Str-4 SInv}
   (You took it off a deep elf death mage on level 3 of the Elven Halls)

   Str:       It affects your strength (-4).
   MP:        It affects your magic capacity (+9).
   SInv:      It lets you see invisible.
   +Blink:    It lets you blink.
 r - the +1 hat "Zoilluqofaq" (melded) {+Blink Stlth+}
   (You found it in a treasure trove)

   +Blink:    It lets you blink.
   Stlth:     It makes you more stealthy.
 C - the +0 pair of gloves of Focus (melded) {Regen+ Int+4}
   (You bought it in a shop on level 4 of the Depths)

   Int:       It affects your intelligence (+4).
   Regen:     It increases your rate of health regeneration.
 R - a +2 pair of boots of flying (melded)
 Y - a scarf of resistance
Jewellery
 i - the ring "Nesyloh" {rN+ SInv}
   (You found it on level 4 of the Shoals)

   [ring of positive energy]

   rN:        It protects you from negative energy.
   SInv:      It lets you see invisible.
 k - the ring "Qahar" {rElec Str+3 Int+6}
   (You took it off a hell knight on level 2 of the Depths)

   [ring of intelligence]

   Str:       It affects your strength (+3).
   Int:       It affects your intelligence (+6).
   rElec:     It insulates you from electricity.
 m - the amulet "Sileet" (around neck) {Spirit +Blink rF+ rN+}
   (You acquired it on level 2 of the Orcish Mines)

   [amulet of guardian spirit]

   It causes incoming damage to be divided between your reserves of health and
   magic.
   rF:        It protects you from fire.
   rN:        It protects you from negative energy.
   +Blink:    It lets you blink.
 s - a ring of resist corrosion
 v - the ring "Upyogese" (left foreclaw) {rPois Will+ Str+6 Int+4, =R}
   (You found it in a treasure trove)

   [ring of strength]

   Str:       It affects your strength (+6).
   Int:       It affects your intelligence (+4).
   rPois:     It protects you from poison.
   Will:      It increases your willpower.
 B - the brooch of Shielding {Spirit SH+8}
   (You took it off a vault warden on level 5 of the Vaults)

   [amulet of guardian spirit]

   It causes incoming damage to be divided between your reserves of health and
   magic.
   SH:        It affects your SH (+8).
 M - the ring "Cihoiw" (right foreclaw) {rPois rF++ Slay+4}
   (You found it on level 11 of the Dungeon)

   [ring of slaying]

   Slay:      It affects your accuracy & damage with ranged weapons and melee
   (+4).
   rF:        It greatly protects you from fire.
   rPois:     It protects you from poison.
 N - the ring "Ficzui" {rN+ MP+9 Dex+4 Stlth+}
   (You found it on level 1 of the Lair of Beasts)

   [ring of magical power]

   Dex:       It affects your dexterity (+4).
   rN:        It protects you from negative energy.
   MP:        It affects your magic capacity (+9).
   Stlth:     It makes you more stealthy.
 U - a ring of willpower
Wands
 u - a wand of polymorph (11)
 G - a wand of paralysis (14)
 I - a wand of digging (8)
 K - a wand of iceblast (45)
 L - a wand of mindburst (28)
 P - a wand of acid (30)
Scrolls
 c - a scroll of amnesia
 g - 11 scrolls of fear
 l - 2 scrolls of magic mapping
 n - 9 scrolls of holy word
 o - 8 scrolls of immolation {!r}
 q - 4 scrolls of blinking
 w - 14 scrolls of teleportation {@r4}
 x - 4 scrolls of summoning
 y - a scroll of silence
 A - 6 scrolls of fog
Potions
 d - 12 potions of curing {@q1}
 f - 9 potions of heal wounds {@q2}
 h - a potion of resistance
 j - 5 potions of invisibility
 t - 5 potions of might
 z - 12 potions of brilliance
 F - 4 potions of ambrosia
 J - 2 potions of haste {@q3}
 O - 10 potions of cancellation
 S - 3 potions of magic
 Z - 3 potions of mutation {!q}
Miscellaneous
 p - a phantom mirror
 V - a phial of floods
 X - a condenser vane


Innate Abilities, Weirdness & Mutations

You are a fearsome steam dragon!
You have a powerful clawing attack.
Your giant scaled body is strong and resiliant, but less evasive.
Your breath weapon is enhanced in this form.
You are flying.
Your maximum health is greatly increased.
Your armour is entirely melded.
You are incapable of wielding weapons or throwing items.
You can breathe blasts of scalding, opaque steam.
Your pale cyan-grey scales are hard. (AC +13)
You cannot fit into any form of body armour.
((You are cold-blooded and may be slowed by cold attacks.))
You are immune to the effects of steam.
You have supernaturally acute eyesight. (SInv)
((Your flesh is cold resistant. (rC+)))
You have hidden genetic defects.
You escaped.
You worshipped Nemelex Xobeh.
Nemelex Xobeh was exalted by your worship.
You were a fearsome steam dragon!
You visited 10 branches of the dungeon, and saw 53 of its levels.
You also visited: Trove, Sewer and Volcano.
You collected 7743 gold pieces.
You spent 5799 gold pieces at shops.

Dungeon Overview and Level Annotations

Branches:
Dungeon (15/15)            Temple (0/1) D:7            Lair (6/6) D:11
 Shoals (4/4) Lair:4        Snake (4/4) Lair:4        Slime (5/5) Lair:5
    Orc (2/2) D:9             Elf (3/3) Orc:2        Vaults (5/5) D:13
  Crypt (0/3) Vaults:2     Depths (4/4) D:15            Zot (5/5) Depths:4
  Sewer (visited)         Volcano (visited)

Altars:
Ashenzari
Elyvilon
Fedhas
Hepliaklqana
Nemelex Xobeh
Sif Muna
Wu Jian
Zin
The Shining One
Beogh
Jiyva

Shops:
D:5 :?   D:7 =   D:8 [   Orc:2 =!(?(   Elf:2 **   Elf:3 ?   Shoals:2 =
Shoals:4 *   Snake:2 !*:(   Vaults:1 *   Depths:1 *   Depths:2 :=:
Depths:4 *[[

Portals:
Hell: Depths:1 Depths:2 Depths:3 Depths:4
Abyss: Depths:2 Depths:3
Pandemonium: Depths:2
Ziggurat: Depths:4

Annotations:
Elf:3 1 exclusion
Vaults:2 2 transporters, exclusion: downstairs, Biejerag's ghost, adept DjFE; casual's ghost, veteran MiMo; safid's ghost, veteran HOFi
Vaults:3 36 runed doors
Zot:3 1 runed translucent door, Xill's ghost, veteran MiMo
Zot:4 1 exclusion, Tiamat
Zot:5 1 exclusion


Message History

There is a stone staircase leading up here.
You fly upwards.
There is a stone staircase leading down here.
Things that are here:
a +0 chain mail; a +0 war axe
There is a stone staircase leading up here.
You fly upwards.
There is a stone staircase leading down here.
Magic restored.
You see here a +0 long sword.
Items here: ))) [[.
There is a stone staircase leading up here.
You fly upwards.
There is a stone staircase leading down here.
An Orb Guardian comes into view.
There is a stone staircase leading up here.
You fly upwards.
There is a stone staircase leading down here.
(D) Dungeon (T) Temple (L) Lair (A) Shoals (P) Snake Pit (M) Slime Pits (O) Orcish Mines (E) Elven Halls (V) Vaults (C) Crypt (U) Depths (H) Hell (Z) Zot
Where to? (Enter - D:1 @ (x,y), ? - help)
You reach down and open the door.
An Orb Guardian comes into view.
Casting: Dragon Form (mildly dangerous; 3% risk of failure)
Confirm with . or Enter, or press ? or * to list all spells.
You turn into a fearsome steam dragon!
The +1 cloak "Boiqoon" {Regen+ Dex+7} melds into your body.
The +1 hat "Zoilluqofaq" {+Blink Stlth+} melds into your body.
The +0 pair of gloves of Focus {Regen+ Int+4} melds into your body.
Your +2 pair of boots of flying melds into your body.
The +5 buckler "Jadulliew" {+Blink MP+9 Str-4 SInv} melds into your body.
You float gracefully downwards.
The Orb Guardian hits you but does no damage.
There is an open door here.
You maul the Orb Guardian!!!!
You kill the Orb Guardian!
(D) Dungeon (T) Temple (L) Lair (A) Shoals (P) Snake Pit (M) Slime Pits (O) Orcish Mines (E) Elven Halls (V) Vaults (C) Crypt (U) Depths (H) Hell (Z) Zot
Where to? (Enter - D:1 @ (x,y), ? - help)
There is a stone staircase leading up here.
You fly upwards.
There is a stone staircase leading down here.
There is an open door here.
There is an open door here.
There is a staircase leading out of the dungeon here.
You have escaped!

###.## #.# #....# #.# .#.##
#.# #.##.# #.#
#.############.# #.##'# #.#
#..............# #.##.###.#
#####†############.#...#..#
#####.###### ##.###...####
...........# #...#.....#
.####.####.# #...#.....####
.# #.# #.# #.D.'..8..#..# .#
##)####.# #...#.....##.#
.###.......# #...#.....##.#
.##.....#..#####.###...###.#
.#.............###.#...# #.#
...........##### #.##.## #.#
####...##.## #.##'# #.#
##.###.# #.#..# #.# ###
#.########.#.## #.# ####

Action                   |  1- 3 |  4- 6 |  7- 9 | 10-12 | 13-15 | 16-18 | 19-21 | 22-24 | 25-27 || total
-------------------------+-------+-------+-------+-------+-------+-------+-------+-------+-------++-------
Melee: Dagger            |    63 |       |    43 |   119 |   310 |       |       |       |       ||   535
       Tailslap          |     6 |       |    16 |    34 |    73 |    68 |    95 |   184 |   268 ||   744
       Morningstar       |    12 |       |     1 |    23 |     2 |       |       |       |       ||    38
       Flail             |       |       |    52 |       |       |       |       |       |       ||    52
       Whip              |       |       |     5 |       |       |       |       |       |       ||     5
       Unarmed           |       |       |     6 |    22 |     8 |   425 |   468 |   917 |  1228 ||  3074
       Punch             |       |       |     1 |     3 |     3 |    26 |    49 |   101 |   120 ||   303
       Long sword        |       |       |       |     7 |       |       |       |       |       ||     7
       Mace              |       |       |       |     4 |       |       |       |       |       ||     4
       Bardiche          |       |       |       |       |       |    64 |    17 |    37 |    20 ||   138
       Bite              |       |       |       |       |       |    73 |    80 |   109 |   142 ||   404
 Fire: Hunting sling     |     4 |   152 |   231 |   248 |   136 |       |       |       |       ||   771
       Fustibalus        |       |       |       |       |    42 |     1 |       |       |       ||    43
Throw: Stone             |    12 |       |       |       |       |       |       |       |       ||    12
       Dart              |       |     6 |     8 |    14 |       |       |       |       |       ||    28
 Cast: Freeze            |    45 |    53 |    80 |   132 |   102 |    21 |     5 |       |       ||   438
       Frozen Ramparts   |     2 |     2 |    26 |    70 |    58 |    19 |     3 |     2 |     2 ||   184
       Ozocubu's Armour  |       |       |     3 |    10 |    19 |    13 |    11 |    22 |    12 ||    90
       Hailstorm         |       |       |    11 |    33 |    43 |     6 |     4 |       |     5 ||   102
       Ice Form          |       |       |     2 |     6 |     2 |       |       |       |       ||    10
       Ignite Poison     |       |       |       |    31 |   119 |    57 |    35 |    33 |    10 ||   285
       Poisonous Vapours |       |       |       |    62 |   257 |   110 |    16 |     2 |       ||   447
       Iskenderun's Myst |       |       |       |     6 |    70 |    16 |     1 |       |       ||    93
       Freezing Cloud    |       |       |       |       |    65 |   148 |    59 |    38 |    34 ||   344
       Dragon Form       |       |       |       |       |       |    81 |    68 |    95 |   101 ||   345
       Olgreb's Toxic Ra |       |       |       |       |       |    18 |    45 |    45 |     9 ||   117
       Orb of Destructio |       |       |       |       |       |       |    12 |    31 |    18 ||    61
       Manifold Assault  |       |       |       |       |       |       |       |    64 |   162 ||   226
       Statue Form       |       |       |       |       |       |       |       |     7 |    18 ||    25
       Iron Shot         |       |       |       |       |       |       |       |       |    20 ||    20
Invok: Draw Summoning    |       |     1 |       |     1 |     3 |     2 |     2 |     1 |     1 ||    11
       Draw Destruction  |       |       |       |     4 |     7 |    10 |       |     4 |     3 ||    28
       Draw Escape       |       |       |       |     3 |       |     1 |       |       |       ||     4
       Triple Draw       |       |       |       |       |     1 |       |     1 |       |       ||     2
       Stack Five        |       |       |       |       |       |     1 |       |       |       ||     1
       Draw Stack        |       |       |       |       |       |     1 |       |       |       ||     1
 Abil: Breathe Steam     |       |       |     5 |     9 |     2 |     8 |     4 |     1 |       ||    29
       End Transformatio |       |       |       |       |       |    11 |     9 |     8 |    10 ||    38
       Evoke Blink       |       |       |       |       |       |       |       |     2 |     2 ||     4
Evoke: Phial of floods   |       |       |       |       |       |     1 |       |       |       ||     1
       Wand              |       |       |       |       |       |     5 |       |       |       ||     5
  Use: Scroll            |       |     1 |    15 |     7 |     2 |     5 |     2 |    13 |     9 ||    54
       Potion            |       |       |       |       |     4 |     1 |     3 |     2 |    12 ||    22
 Stab: Sleeping          |     2 |       |       |     1 |     2 |     4 |       |     2 |       ||    11
       Distracted        |       |       |       |       |     1 |     2 |       |     2 |     1 ||     6
Armor: Skin              |    37 |    15 |   106 |   136 |   277 |   292 |   206 |   397 |   385 ||  1851
Dodge: Dodged            |    71 |    31 |   154 |   298 |   548 |   579 |   272 |   492 |   802 ||  3247
Block: Other             |       |       |       |       |       |       |       |     3 |   121 ||   124
       Buckler           |       |       |       |       |       |       |       |       |   141 ||   141

Notes
Turn   | Place    | Note
-------+----------+-------------------------------------------
     0 | D:1      | zackoid the Draconian Ice Elementalist began the quest for
                  | the Orb.
     0 | D:1      | Reached XP level 1. HP: 14/14 MP: 3/3
   317 | D:1      | Reached XP level 2. HP: 20/20 MP: 3/5
   916 | D:1      | Reached XP level 3. HP: 25/26 MP: 6/6
   920 | D:1      | Learned a level 3 spell: Frozen Ramparts
   974 | D:1      | Found a faded altar of an unknown god.
   974 | D:1      | Noticed a tormentor
  1291 | D:1      | Prayed at the altar of an unknown god.
  1291 | D:1      | Became a worshipper of Nemelex Xobeh the Trickster
  1291 | D:1      | Reached * piety under Nemelex Xobeh
  1404 | D:2      | Reached skill level 5 in Ice Magic
  1445 | D:2      | Received a gift from Nemelex Xobeh
  2089 | D:2      | Reached ** piety under Nemelex Xobeh
  2141 | D:2      | Reached XP level 4. HP: 25/33 MP: 2/7
  2308 | D:2      | Learned a level 3 spell: Ozocubu's Armour
  2461 | D:2      | Noticed Jessica
  2476 | D:2      | Found a blossoming altar of Fedhas.
  3150 | D:3      | Reached XP level 5. HP: 38/38 MP: 2/8
  3454 | D:3      | Received a gift from Nemelex Xobeh
  4000 | D:2      | Killed Jessica
  4062 | D:4      | Reached XP level 6. HP: 45/45 MP: 8/10
  4112 | D:4      | Reached skill level 1 in Transmutations
  4857 | D:4      | Learned a level 4 spell: Ice Form
  4893 | D:4      | Your scales start taking on a pale cyan-grey colour.
  4893 | D:4      | Reached XP level 7. HP: 50/50 MP: 10/13
  4893 | D:4      | Gained mutation: You are immune to the effects of steam.
                  | [Pale Draconian growth]
  4963 | D:4      | Reached *** piety under Nemelex Xobeh
  5048 | D:4      | Received a gift from Nemelex Xobeh
  5423 | D:4      | Noticed Robin
  5435 | D:4      | Killed Robin
  5638 | D:5      | Entered Level 5 of the Dungeon
  5638 | D:5      | Noticed Edmund
  5648 | D:5      | Killed Edmund
  5879 | D:5      | Found Xairuast's Magic Scroll Boutique.
  5887 | D:5      | Bought 3 scrolls of teleportation for 90 gold pieces
  5887 | D:5      | Bought a scroll of identify for 20 gold pieces
  5887 | D:5      | Bought a scroll of magic mapping for 35 gold pieces
  5887 | D:5      | Bought a scroll of fog for 20 gold pieces
  5949 | D:5      | Found Pafuatet's Self-Improvement Boutique.
  6009 | D:5      | Found a glowing drain.
  6037 | Sewer    | Entered a sewer
  6391 | D:5      | Reached XP level 8. HP: 33/57 MP: 9/14
  6564 | D:5      | Reached skill level 5 in Transmutations
  6574 | D:5      | Received a gift from Nemelex Xobeh
  7579 | D:5      | Learned a level 4 spell: Hailstorm
  7789 | D:6      | Reached skill level 1 in Conjurations
  8304 | D:5      | Reached XP level 9. HP: 38/62 MP: 10/15
  8650 | D:6      | Found a white marble altar of Elyvilon.
  8651 | D:6      | Reached **** piety under Nemelex Xobeh
  8653 | D:6      | Found a broken altar of Ashenzari.
  8982 | D:7      | Received a gift from Nemelex Xobeh
  8994 | D:7      | Found a staircase to the Ecumenical Temple.
  9401 | D:7      | Received a gift from Nemelex Xobeh
  9624 | D:7      | Reached skill level 5 in Conjurations
  9624 | D:7      | Reached skill level 10 in Ice Magic
  9858 | D:7      | Reached ***** piety under Nemelex Xobeh
  9898 | D:7      | Found Plog's Jewellery Emporium.
 10208 | D:5      | Bought a scroll of enchant weapon for 75 gold pieces
 10208 | D:5      | Bought 2 scrolls of blinking for 150 gold pieces
 10345 | D:8      | Noticed a two-headed ogre
 10503 | D:8      | Received a gift from Nemelex Xobeh
 10664 | D:8      | Reached skill level 1 in Invocations
 10678 | D:8      | Reached XP level 10. HP: 50/69 MP: 1/16
 10880 | D:8      | Found Byitta's Armour Emporium.
 10996 | D:8      | Killed a two-headed ogre
 11749 | D:9      | Reached skill level 5 in Invocations
 11886 | D:9      | Reached skill level 5 in Spellcasting
 12093 | D:9      | Found a staircase to the Orcish Mines.
 12102 | D:9      | Learned a level 3 spell: Ignite Poison
 12558 | D:9      | Noticed a two-headed ogre
 12850 | D:9      | Noticed a two-headed ogre
 13058 | D:9      | Killed a two-headed ogre
 13119 | D:9      | Killed a two-headed ogre
 13495 | D:9      | Noticed a two-headed ogre
 13603 | D:9      | Killed a two-headed ogre
 13604 | D:9      | Reached XP level 11. HP: 74/74 MP: 7/18
 13725 | D:9      | Noticed a two-headed ogre
 13946 | D:9      | Found an ornate altar of the Wu Jian Council.
 13964 | D:9      | Noticed a two-headed ogre
 14416 | D:9      | Reached skill level 10 in Conjurations
 14918 | D:10     | Entered Level 10 of the Dungeon
 15072 | D:10     | Received a gift from Nemelex Xobeh
 15208 | D:10     | Learned a level 2 spell: Poisonous Vapours
 15281 | D:10     | Reached skill level 1 in Fighting
 15281 | D:10     | Reached skill level 1 in Poison Magic
 16104 | D:10     | Received a gift from Nemelex Xobeh
 16338 | D:11     | Noticed a seven-headed hydra
 16425 | D:11     | Found a staircase to the Lair.
 16429 | Lair:1   | Entered Level 1 of the Lair of Beasts
 16588 | Lair:1   | Received a gift from Nemelex Xobeh
 16695 | Lair:1   | Noticed a six-headed hydra
 16713 | Lair:1   | Killed a six-headed hydra
 17157 | Lair:1   | Received a gift from Nemelex Xobeh
 17168 | Lair:1   | Noticed a catoblepas
 17179 | Lair:1   | Killed a catoblepas
 17259 | Lair:1   | Noticed a death yak
 17458 | Lair:1   | Noticed a death yak
 17521 | D:11     | Killed a death yak
 17658 | Lair:1   | Killed a death yak
 17781 | Lair:1   | Identified the ring "Ficzui" {rN+ MP+9 Dex+4 Stlth+}
 18107 | Lair:1   | Received a gift from Nemelex Xobeh
 18346 | Lair:2   | Reached ****** piety under Nemelex Xobeh
 18375 | Lair:2   | Reached skill level 1 in Translocations
 18461 | Lair:2   | Received a gift from Nemelex Xobeh
 18485 | Lair:2   | Reached XP level 12. HP: 57/88 MP: 17/22
 18732 | Lair:2   | Found a dark tunnel.
 18737 | Volcano  | Entered a volcano
 19189 | Volcano  | Reached skill level 5 in Translocations
 19576 | Lair:2   | Learned a level 4 spell: Iskenderun's Mystic Blast
 19795 | Lair:2   | Received a gift from Nemelex Xobeh
 19914 | Lair:2   | Noticed Fannar
 21077 | Lair:3   | Noticed a five-headed hydra
 21089 | Lair:3   | Killed a five-headed hydra
 21090 | Lair:3   | Reached skill level 10 in Invocations
 21220 | Lair:3   | Noticed a boulder beetle
 21231 | Lair:3   | Killed a boulder beetle
 21477 | Lair:3   | Received a gift from Nemelex Xobeh
 21941 | Lair:4   | Found a staircase to the Shoals.
 22197 | Lair:4   | Reached XP level 13. HP: 62/93 MP: 16/25
 22634 | Lair:4   | Found a staircase to the Snake Pit.
 22744 | Lair:4   | Received a gift from Nemelex Xobeh
 22821 | Lair:4   | Reached skill level 5 in Dodging
 24166 | Lair:4   | Received a gift from Nemelex Xobeh
 24592 | Lair:4   | Reached skill level 10 in Transmutations
 24635 | Lair:4   | Noticed a dire elephant
 24644 | Lair:4   | Killed a dire elephant
 25979 | Lair:5   | Found a staircase to the Slime Pits.
 26030 | Lair:5   | Received a gift from Nemelex Xobeh
 26748 | Lair:5   | Received a gift from Nemelex Xobeh
 27398 | Lair:6   | Entered Level 6 of the Lair of Beasts
 28276 | Lair:6   | Noticed Nessos
 28342 | Lair:6   | Killed Nessos
 28343 | Lair:6   | Reached skill level 1 in Air Magic
 28343 | Lair:6   | Reached XP level 14. HP: 16/100 MP: 16/26
 28637 | Lair:6   | Learned a level 5 spell: Freezing Cloud
 28811 | Lair:6   | Found a runed translucent gate.
 28975 | Lair:6   | Found a runed translucent gate.
 28975 | Lair:6   | Found a runed translucent gate.
 28976 | Lair:6   | Received a gift from Nemelex Xobeh
 28983 | Lair:6   | Noticed an azure jelly
 28984 | Lair:6   | Noticed an azure jelly
 28984 | Lair:6   | Noticed an azure jelly
 28984 | Lair:6   | Noticed an azure jelly
 28986 | Lair:6   | Noticed an acid blob
 28986 | Lair:6   | Noticed turdburglar's ghost (journeyman DsTm)
 28986 | Lair:6   | Noticed an acid blob
 28987 | Lair:6   | Noticed a rockslime
 28987 | Lair:6   | Noticed an acid blob
 29013 | Lair:6   | Found a viscous altar of Jiyva.
 29013 | Lair:6   | Noticed an azure jelly
 29014 | Lair:6   | Noticed an acid blob
 29014 | Lair:6   | Noticed an acid blob
 31020 | Lair:6   | Identified the +5 bardiche of the Empty Page {flame, +Blink
                  | rElec Will+}
 31207 | Lair:2   | Killed Fannar
 31208 | Lair:2   | Reached skill level 5 in Air Magic
 31353 | D:11     | Received a gift from Nemelex Xobeh
 32433 | Orc:1    | Entered Level 1 of the Orcish Mines
 32742 | Orc:1    | Reached skill level 5 in Fighting
 32938 | Orc:2    | Entered Level 2 of the Orcish Mines
 32938 | Orc:2    | Found a staircase to the Elven Halls.
 33010 | Orc:2    | Received a gift from Nemelex Xobeh
 34062 | Orc:2    | Received a gift from Nemelex Xobeh
 34592 | Orc:2    | Found Cauj's Weapon Emporium.
 35897 | Orc:2    | Found Qanterul's Antique Weapon Boutique.
 35897 | Orc:2    | Found Sonuk's Distillery.
 35897 | Orc:2    | Found Ojurul's Jewellery Emporium.
 35900 | Orc:2    | Found Fusy's Magic Scroll Shop.
 36870 | D:12     | Received a gift from Nemelex Xobeh
 36982 | D:12     | Found a portal to a secret trove of treasure.
 37545 | D:12     | Noticed Gastronok
 37949 | D:13     | Received a gift from Nemelex Xobeh
 38038 | D:13     | Reached XP level 15. HP: 116/116 MP: 25/28
 38920 | D:13     | Noticed Frances
 38992 | D:13     | Found a gate to the Vaults.
 39273 | D:14     | Received a gift from Nemelex Xobeh
 40521 | D:14     | Received a gift from Nemelex Xobeh
 41101 | Orc:2    | Bought a potion of experience for 600 gold pieces
 41101 | Orc:2    | Reached XP level 16. HP: 124/124 MP: 31/31
 41110 | Orc:2    | Learned a level 7 spell: Dragon Form
 41241 | D:5      | Bought a manual of Unarmed Combat for 1040 gold pieces
 41411 | D:15     | Entered Level 15 of the Dungeon
 41795 | D:15     | Reached skill level 15 in Transmutations
 41795 | D:15     | Reached skill level 1 in Unarmed Combat
 42180 | D:15     | Reached skill level 5 in Unarmed Combat
 42187 | D:15     | Paralysed by an orc warrior for 4 turns
 42324 | D:15     | Found a staircase to the Depths.
 42452 | D:15     | Received a gift from Nemelex Xobeh
 43426 | D:12     | Killed Gastronok
 43650 | Snake:1  | Entered Level 1 of the Snake Pit
 43674 | Snake:1  | Reached skill level 10 in Unarmed Combat
 44870 | Snake:1  | Received a gift from Nemelex Xobeh
 45458 | Snake:2  | Received a gift from Nemelex Xobeh
 46019 | Snake:2  | Reached XP level 17. HP: 134/134 MP: 25/32
 46286 | Snake:2  | Received a gift from Nemelex Xobeh
 46416 | Snake:2  | Found Banenab's Distillery.
 46417 | Snake:2  | Found Tin Kiyz's Book Shoppe.
 46417 | Snake:2  | Found Sohoas's Assorted Antiques.
 46444 | Snake:2  | Found Xiwothed's Weapon Shoppe.
 46991 | Snake:2  | Received a gift from Nemelex Xobeh
 48000 | Snake:3  | Reached skill level 10 in Dodging
 48065 | Snake:3  | Received a gift from Nemelex Xobeh
 48721 | Shoals:1 | Entered Level 1 of the Shoals
 49003 | Shoals:1 | Received a gift from Nemelex Xobeh
 49018 | Shoals:1 | Reached skill level 10 in Fighting
 49684 | Shoals:1 | Received a gift from Nemelex Xobeh
 50369 | Shoals:2 | Received a gift from Nemelex Xobeh
 50470 | Shoals:2 | Found Hattiare's Jewellery Emporium.
 51149 | Shoals:2 | Noticed a kraken
 51153 | Shoals:2 | Noticed a kraken
 51216 | Shoals:2 | Killed a kraken
 51219 | Shoals:2 | Killed a kraken
 51319 | Shoals:2 | Noticed a kraken
 51325 | Shoals:2 | Killed a kraken
 51333 | Shoals:2 | Noticed a kraken
 51351 | Shoals:2 | Killed a kraken
 51668 | Shoals:2 | Received a gift from Nemelex Xobeh
 53225 | Shoals:3 | Received a gift from Nemelex Xobeh
 53797 | Snake:4  | Entered Level 4 of the Snake Pit
 53797 | Snake:4  | Identified the +2 pair of gloves "Burre" {+Inv rC- Will+
                  | Dex+2}
 53797 | Snake:4  | Noticed Nikola
 53830 | Snake:4  | Identified the +1 cloak "Boiqoon" {Regen+ Dex+7}
 54115 | Snake:4  | Reached skill level 5 in Poison Magic
 54200 | Snake:4  | Killed Nikola
 54408 | Snake:4  | Reached XP level 18. HP: 147/147 MP: 1/33
 54722 | Snake:4  | Noticed Vashnia
 54923 | Snake:4  | Killed Vashnia
 55515 | Snake:4  | Identified the +2 chain mail of the Distant Future {rElec
                  | Str+2}
 56495 | Snake:4  | Received a gift from Nemelex Xobeh
 56554 | Snake:4  | Got a serpentine rune of Zot
 56640 | Snake:4  | Learned a level 4 spell: Olgreb's Toxic Radiance
 56861 | Shoals:4 | Entered Level 4 of the Shoals
 57334 | Shoals:4 | Identified the +3 hunting sling "Duoliuk" {venom, Dex+7}
 57474 | Shoals:4 | Got a barnacled rune of Zot
 57667 | Shoals:4 | Found Ebuhoet's CLEARANCE SALE!.
 58125 | Shoals:4 | Received a gift from Nemelex Xobeh
 58162 | Shoals:4 | Identified the +0 cloak of Ovvogh {Dex+5}
 58200 | Shoals:4 | Identified the ring "Nesyloh" {rN+ SInv}
 58946 | D:11     | Gained mutation: You occasionally shout uncontrollably at
                  | your foes. [a neqoxec]
 58951 | D:11     | Identified the ring "Cihoiw" {rPois rF++ Slay+4}
 58961 | D:11     | Identified the +1 robe of Risewk {Will+}
 58962 | D:11     | Identified the +7 quarterstaff of Moral Flaws {vorpal,
                  | rCorr Dex+2}
 59097 | Vaults:1 | Entered Level 1 of the Vaults
 59209 | Vaults:1 | Reached XP level 19. HP: 162/162 MP: 14/35
 59536 | Vaults:1 | Received a gift from Nemelex Xobeh
 60026 | Vaults:1 | Found Roenost's General Store.
 60647 | Orc:2    | Bought a scroll of acquirement for 780 gold pieces
 60647 | Orc:2    | Acquired the amulet "Sileet" {Spirit +Blink rF+ rN+}
 62517 | Vaults:1 | Received a gift from Nemelex Xobeh
 62965 | Vaults:2 | Received a gift from Nemelex Xobeh
 64246 | Vaults:2 | Received a gift from Nemelex Xobeh
 64390 | Vaults:2 | Found a transporter.
 64398 | Vaults:2 | Noticed Biejerag's ghost (adept DjFE)
 64401 | Vaults:2 | Noticed safid's ghost (veteran HOFi)
 64410 | Vaults:2 | Noticed casual's ghost (veteran MiMo)
 64467 | Vaults:2 | Identified the ring "Olotuq" {rF++ Will+ Int+4}
 64477 | Vaults:2 | Found a transporter.
 64478 | Vaults:2 | Noticed an ancient lich
 64882 | Vaults:2 | Found a staircase to the Crypt.
 65043 | Vaults:3 | Noticed Mara
 65277 | Vaults:3 | Reached skill level 15 in Conjurations
 65369 | Vaults:3 | Received a gift from Nemelex Xobeh
 65403 | Vaults:3 | Reached XP level 20. HP: 174/174 MP: 9/36
 65921 | Vaults:3 | Received a gift from Nemelex Xobeh
 65936 | Vaults:3 | Found a huge runed gate.
 65936 | Vaults:3 | Found a huge runed gate.
 65936 | Vaults:3 | Found a huge runed gate.
 65936 | Vaults:3 | Found a huge runed gate.
 65936 | Vaults:3 | Found a huge runed gate.
 65936 | Vaults:3 | Found a huge runed gate.
 65946 | Vaults:3 | Found a huge runed gate.
 65946 | Vaults:3 | Found a huge runed gate.
 65946 | Vaults:3 | Found a huge runed gate.
 65946 | Vaults:3 | Found a huge runed gate.
 65946 | Vaults:3 | Found a huge runed gate.
 66005 | Vaults:3 | Found a huge runed gate.
 66006 | Vaults:3 | Found a huge runed gate.
 66007 | Vaults:3 | Found a huge runed gate.
 66008 | Vaults:3 | Found a huge runed gate.
 66009 | Vaults:3 | Found a huge runed gate.
 66017 | Vaults:3 | Found a huge runed gate.
 66017 | Vaults:3 | Found a huge runed gate.
 66017 | Vaults:3 | Found a huge runed gate.
 66017 | Vaults:3 | Found a huge runed gate.
 66017 | Vaults:3 | Found a huge runed gate.
 66017 | Vaults:3 | Found a huge runed gate.
 66018 | Vaults:3 | Found a huge runed gate.
 66019 | Vaults:3 | Found a huge runed gate.
 66020 | Vaults:3 | Found a huge runed gate.
 66028 | Vaults:3 | Found a huge runed gate.
 66028 | Vaults:3 | Found a huge runed gate.
 66028 | Vaults:3 | Found a huge runed gate.
 66028 | Vaults:3 | Found a huge runed gate.
 66028 | Vaults:3 | Found a huge runed gate.
 66028 | Vaults:3 | Found a huge runed gate.
 66029 | Vaults:3 | Found a huge runed gate.
 66030 | Vaults:3 | Found a huge runed gate.
 66031 | Vaults:3 | Found a huge runed gate.
 66051 | Vaults:3 | Identified the +2 executioner's axe of Collusion {flame,
                  | Int+3}
 66261 | Vaults:3 | Got Raito's Papyrus of the Traveller and Hexes
 66270 | Vaults:3 | Learned a level 7 spell: Orb of Destruction
 66421 | Vaults:3 | Found a huge runed gate.
 66421 | Vaults:3 | Found a huge runed gate.
 67343 | Vaults:4 | Received a gift from Nemelex Xobeh
 67664 | Vaults:4 | Noticed Sojobo
 68222 | Vaults:4 | Reached XP level 21. HP: 181/182 MP: 37/37
 68372 | Vaults:4 | Received a gift from Nemelex Xobeh
 68838 | Vaults:4 | Reached skill level 15 in Fighting
 69185 | Vaults:4 | Killed Sojobo
 69744 | D:13     | Killed Frances
 70116 | D:13     | Identified the +0 swamp dragon scales "Omoyskasch" {Drain
                  | rPois rN+ rCorr Stlth+}
 70117 | D:13     | Identified the +1 leather armour "Lipruc" {rPois Dex+6}
 70404 | D:12     | You paid a toll of 17 potions of curing to enter a treasure
                  | trove
 70405 | Trove    | Entered a treasure trove
 70454 | Trove    | Identified the ring "Ynkabeap" {rN+ Dex+4}
 70458 | Trove    | Got the Tome of Displaced Feathers
 70482 | Trove    | Identified the +1 hat "Zoilluqofaq" {+Blink Stlth+}
 70498 | Trove    | Identified the ring "Upyogese" {rPois Will+ Str+6 Int+4}
 70921 | Snake:2  | Bought a potion of curing for 51 gold pieces
 70921 | Snake:2  | Bought a potion of curing for 51 gold pieces
 70921 | Snake:2  | Bought a potion of curing for 51 gold pieces
 71231 | Depths:1 | Entered Level 1 of the Depths
 71339 | Depths:1 | Received a gift from Nemelex Xobeh
 71391 | Depths:1 | Reached skill level 1 in Evocations
 72018 | Depths:1 | Found Zin's Purification Station.
 72020 | Depths:1 | Received a gift from Nemelex Xobeh
 72023 | Depths:1 | Found a glowing silver altar of Zin.
 72961 | Depths:1 | Found a gateway to Hell.
 72990 | Depths:1 | Reached XP level 22. HP: 192/192 MP: 36/38
 73163 | Depths:2 | Received a gift from Nemelex Xobeh
 73172 | Depths:1 | Reached skill level 15 in Dodging
 73372 | Depths:2 | Reached skill level 5 in Evocations
 73548 | Depths:2 | Paralysed by a great orb of eyes for 5 turns
 74559 | Depths:2 | Reached skill level 15 in Unarmed Combat
 74637 | Depths:2 | Found a one-way gate leading to the halls of Pandemonium.
 74690 | Depths:2 | Found a one-way gate to the infinite horrors of the Abyss.
 75066 | Depths:2 | Found Ovarufas's Book Emporium.
 75066 | Depths:2 | Found Bich's Jewellery Shop.
 75067 | Depths:2 | Found Fuesiet's Book Emporium.
 75146 | Depths:2 | Noticed a juggernaut
 75156 | Depths:2 | Killed a juggernaut
 75375 | Depths:2 | Identified the ring "Qahar" {rElec Str+3 Int+6}
 75893 | Depths:3 | Paralysed by a great orb of eyes for 7 turns
 75902 | Depths:3 | Noticed Frederick
 76448 | Depths:3 | Killed Frederick
 76768 | Depths:3 | Noticed Louise
 76784 | Depths:3 | Killed Louise
 76975 | Depths:3 | Received a gift from Nemelex Xobeh
 77088 | Depths:3 | Received a gift from Nemelex Xobeh
 77295 | Depths:3 | Found a glowing golden altar of the Shining One.
 77384 | Depths:3 | Found a hazy altar of Hepliaklqana.
 77449 | Depths:4 | Entered Level 4 of the Depths
 77860 | Depths:4 | Received a gift from Nemelex Xobeh
 77889 | Depths:4 | Found a one-way gateway to a ziggurat.
 77898 | Depths:4 | Reached XP level 23. HP: 199/199 MP: 12/39
 78017 | Depths:4 | Learned a level 5 spell: Manifold Assault
 78436 | Depths:4 | Found Rosmat's Assorted Antiques.
 78436 | Depths:4 | Found Povis's Antique Armour Emporium.
 78439 | Depths:4 | Found Yletif's Antique Armour Shoppe.
 78443 | Depths:4 | Bought a scroll of blinking for 217 gold pieces
 78917 | Depths:4 | Identified the +0 ring mail of Defiance {Int+4 Stlth+}
 78965 | Depths:4 | Found a gate to the Realm of Zot.
 79317 | Elf:1    | Entered Level 1 of the Elven Halls
 79434 | Elf:1    | Found a shimmering blue altar of Sif Muna.
 79816 | Elf:1    | Received a gift from Nemelex Xobeh
 80014 | Elf:1    | Got the Handbook of Black Rites
 80821 | Elf:2    | Found Xygiorphu's Assorted Antiques.
 80829 | Elf:2    | Received a gift from Nemelex Xobeh
 80858 | Elf:2    | Found a runed translucent gate.
 80858 | Elf:2    | Found a runed translucent gate.
 80858 | Elf:2    | Found a runed translucent gate.
 80873 | Elf:2    | Paralysed by an air elemental for 1 turns
 81796 | Elf:2    | Found Muudair's Assorted Antiques.
 82295 | Elf:2    | Received a gift from Nemelex Xobeh
 82771 | Elf:3    | Entered Level 3 of the Elven Halls
 83233 | Elf:3    | Found Yhuharo's Magic Scroll Emporium.
 83575 | Elf:3    | Received a gift from Nemelex Xobeh
 83726 | Elf:3    | Reached skill level 15 in Spellcasting
 84036 | Elf:3    | Identified the +5 buckler "Jadulliew" {+Blink MP+9 Str-4
                  | SInv}
 84143 | Elf:3    | Identified the +2 short sword of Kupale {holy, *Rage Fly
                  | rPois Stlth+}
 84165 | Elf:3    | Reached XP level 24. HP: 216/216 MP: 22/42
 84258 | Elf:3    | Identified the +1 great sword of Xiceuziut {drain, Will+}
 84545 | Elf:3    | Got Soutac's Almanac of Snow and Curses
 84676 | Elf:2    | Bought a steaming silver ring for 150 gold pieces
 84676 | Elf:2    | Identified the ring of Lysu {Int+3 Slay+4} (You bought it
                  | in a shop on level 2 of the Elven Halls)
 84983 | Snake:2  | Bought a scroll of blinking for 292 gold pieces
 84986 | Snake:2  | Bought a potion of haste for 170 gold pieces
 85251 | D:5      | Bought a manual of Dodging for 1040 gold pieces
 85530 | Depths:4 | Bought a heavily runed brass amulet for 145 gold pieces
 85530 | Depths:4 | Identified the amulet of Unuihou {Reflect Fly rC- Will+++
                  | SH+5 Stlth+} (You bought it in a shop on level 4 of the
                  | Depths)
 85770 | D:11     | Learned a level 6 spell: Statue Form
 85967 | Vaults:3 | Killed Mara
 85968 | Vaults:3 | Reached skill level 1 in Earth Magic
 86099 | Vaults:5 | Entered Level 5 of the Vaults
 86346 | Vaults:5 | Reached skill level 5 in Earth Magic
 86638 | Vaults:5 | Noticed an ancient lich
 86653 | Vaults:5 | Killed an ancient lich
 86724 | Vaults:5 | Got a silver rune of Zot
 86909 | Vaults:5 | Received a gift from Nemelex Xobeh
 87560 | Vaults:5 | Identified the +1 robe of the Pits of Slime {rPois Will-
                  | Stlth+}
 88383 | Vaults:5 | Received a gift from Nemelex Xobeh
 88573 | Vaults:5 | Got Sif Muna's Tome of Floating Transformation
 89194 | Depths:4 | Bought a pair of bloodstained gloves for 275 gold pieces
 89194 | Depths:4 | Identified the +0 pair of gloves of Focus {Regen+ Int+4}
                  | (You bought it in a shop on level 4 of the Depths)
 89209 | Depths:4 | Bought a pair of embroidered boots for 247 gold pieces
 89560 | D:7      | Bought a ring of resist corrosion for 300 gold pieces
 89933 | Lair:6   | Killed turdburglar's ghost
 89934 | Lair:6   | Reached XP level 25. HP: 226/226 MP: 23/42
 90133 | Lair:6   | Identified the +5 battleaxe "Giantslayer" {pain, *Noise
                  | rElec Int+3 Dex+8}
 90333 | Lair:6   | Found the +6 Majin-Bo {vamp, MP+6 Int+6}
 90431 | Lair:6   | Got Piequcs's Volume of Hurtful Heat
 91529 | Slime:1  | Entered Level 1 of the Pits of Slime
 91950 | Slime:2  | Reached skill level 15 in Invocations
 92128 | Slime:3  | Received a gift from Nemelex Xobeh
 92143 | Slime:3  | Gained mutation: You are weak. (Str -2) [a shining eye]
 92477 | Slime:4  | Reached skill level 10 in Translocations
 92608 | Slime:5  | Entered Level 5 of the Pits of Slime
 93040 | Slime:3  | Received a gift from Nemelex Xobeh
 93735 | Slime:4  | Found a viscous altar of Jiyva.
 93818 | Slime:4  | Received a gift from Nemelex Xobeh
 94263 | Slime:5  | Found a viscous altar of Jiyva.
 94319 | Slime:5  | Found the +13 scythe of Curses {drain, Drain}
 94443 | Slime:5  | Noticed the Royal Jelly
 94474 | Slime:5  | Killed the Royal Jelly
 94621 | Slime:5  | Got a slimy rune of Zot
 94662 | Slime:5  | Identified the ring "Jovverph" {Fire Str+4}
 94674 | Slime:5  | Identified the +9 trident of the Elven Halls {freeze,
                  | +Blink Will- rCorr Dex+3}
 95072 | Vaults:1 | Learned a level 6 spell: Iron Shot
 95283 | Zot:1    | Entered Level 1 of the Realm of Zot
 95284 | Zot:1    | Received a gift from Nemelex Xobeh
 95941 | Zot:1    | Reached skill level 1 in Shields
 96373 | Zot:1    | Received a gift from Nemelex Xobeh
 96406 | Zot:1    | Reached skill level 5 in Shields
 96781 | Zot:1    | Received a gift from Nemelex Xobeh
 97216 | Zot:2    | Reached XP level 26. HP: 234/234 MP: 30/42
 97498 | Zot:2    | Received a gift from Nemelex Xobeh
 97956 | Zot:2    | Received a gift from Nemelex Xobeh
 98860 | Zot:3    | Received a gift from Nemelex Xobeh
 99202 | Zot:3    | Found a runed translucent door.
 99202 | Zot:3    | Noticed Xill's ghost (veteran MiMo)
 99625 | Zot:3    | Noticed a dread lich
 99953 | Zot:3    | Killed a dread lich
100045 | Zot:3    | Noticed a dread lich
100061 | Zot:3    | Killed a dread lich
100102 | Zot:3    | Identified the +6 morningstar of Fixation {vorpal, *Noise
                  | rPois rC+ Dex+7}
100938 | Zot:4    | Reached skill level 5 in Stealth
101287 | Zot:4    | Received a gift from Nemelex Xobeh
101725 | Zot:4    | Reached skill level 10 in Stealth
101863 | Zot:4    | Found the +4 dragonskin cloak
101863 | Zot:4    | Noticed Tiamat
102001 | Zot:4    | HP: 16/358 [poisoned by Tiamat]
102705 | Zot:4    | Noticed a dread lich
102736 | Zot:4    | Killed a dread lich
102910 | Zot:4    | Reached XP level 27. HP: 246/246 MP: 35/43
103435 | Zot:5    | Entered Level 5 of the Realm of Zot
103553 | Zot:5    | Received a gift from Nemelex Xobeh
104405 | Zot:5    | Noticed a dread lich
104418 | Zot:5    | Killed a dread lich
105042 | Zot:5    | Noticed an orb of fire
105048 | Zot:5    | Killed an orb of fire
105443 | Zot:5    | Noticed an ancient lich
105451 | Zot:5    | Killed an ancient lich
106307 | Zot:5    | Noticed an orb of fire
106314 | Zot:5    | Killed an orb of fire
106534 | Zot:5    | Noticed an orb of fire
106559 | Zot:5    | Gained mutation: Your magical capacity is low. (-10% MP)
                  | [an orb of fire]
106732 | Zot:4    | Lost mutation: Your magical capacity is low. (-10% MP)
                  | [potion of mutation]
106732 | Zot:4    | Lost mutation: You are weak. (Str -2) [potion of mutation]
106732 | Zot:4    | Lost mutation: You occasionally shout uncontrollably at
                  | your foes. [potion of mutation]
106732 | Zot:4    | Gained mutation: You have supernaturally acute eyesight.
                  | (SInv) [potion of mutation]
106732 | Zot:4    | Gained mutation: You have hidden genetic defects. [potion
                  | of mutation]
106732 | Zot:4    | Gained mutation: Your flesh is cold resistant. (rC+)
                  | [potion of mutation]
106853 | Zot:5    | Killed an orb of fire
106976 | Zot:5    | Noticed an orb of fire
107000 | Zot:5    | Killed an orb of fire
107078 | Zot:5    | Noticed an orb of fire
107118 | Zot:5    | Killed an orb of fire
107172 | Zot:5    | Noticed a dread lich
107177 | Zot:5    | Killed a dread lich
107413 | Zot:5    | Received a gift from Nemelex Xobeh
107592 | Zot:5    | Got the Orb of Zot
107692 | Zot:1    | Noticed a seraph
108121 | D:$      | Escaped with the Orb! There were no monsters in sight!

Vanquished Creatures
  the Royal Jelly (Slime:5)
  4 dread liches (Zot:3 Zot:5)
  2 ancient liches (Vaults:5 Zot:5)
  Mara (Vaults:3)
  5 orbs of fire (Zot:5)
  A juggernaut (Depths:2)
  Sojobo (Vaults:4)
  3 Killer Klowns (Zot:4 Zot:5)
  Frederick (Depths:3)
  Vashnia (Snake:4)
  Nikola (Snake:4)
  18 golden dragons (Depths:4 Vaults:5 Vaults:4 Zot:1 Zot:2)
  21 tentacled monstrosities (Depths:3 Vaults:5 Zot:1 Zot:2 Zot:3)
  2 electric golems (Zot:5)
  A walking earthen tome (Depths:3)
  3 liches (Depths:1 Depths:3 Vaults:5)
  29 Orb Guardians (Zot:5 Zot:4 Zot:1 Depths:4 D:8)
  2 deep elf blademasters (Elf:3)
  2 deep elf master archers (Elf:3)
  2 titans (Vaults:5)
  A walking frostbound tome (Depths:2)
  8 death cobs (Zot:1 Zot:2 Zot:3 Zot:4)
  26 acid blobs (Lair:6 Slime:1 Slime:2 Slime:3 Slime:4)
  Frances (D:13)
  13 quicksilver dragons (Depths:3 Zot:1 Zot:2 Zot:3 Zot:4)
  Gastronok (D:12)
  9 tengu reavers (Vaults:4 Depths:3 Vaults:5)
  5 krakens (Shoals:2 Shoals:4)
  8 shadow dragons (Vaults:5 Zot:1 Zot:3 Zot:4)
  9 sphinxes (Vaults:4 Depths:1 Depths:2 Vaults:5 Zot:3)
  22 storm dragons (Depths:2 Depths:3 Depths:4 Vaults:5 Zot:1)
  10 rockslimes (Lair:6 Slime:1 Slime:3 Slime:4 Slime:5)
  5 draconian knights (Zot:1 Zot:2 Zot:4 Zot:5)
  3 nagarajas (Snake:4)
  8 azure jellies (Lair:6 Lair:5 Slime:3 Slime:5)
  6 frost giants (Vaults:1 Vaults:4 Depths:2 Vaults:5)
  7 fire giants (Depths:1 Depths:2 Depths:3 Vaults:5)
  4 draconian monks (Zot:1 Zot:3 Zot:4)
  6 ghost moths (Zot:1 Zot:3 Zot:5)
  2 orc warlords (Vaults:4 Elf:1)
  9 draconian scorchers (Zot:1 Zot:2 Zot:4 Zot:5)
  19 vault wardens (Vaults:1 Vaults:2 Vaults:3 Vaults:4 Vaults:5)
  An iron dragon (Vaults:5)
  6 deep elf elementalists (Elf:1 Elf:3)
  A draconian stormcaller (Zot:4)
  8 deep elf sorcerers (Elf:2 Elf:3 Vaults:5)
  Louise (Depths:3)
  14 ironbound preservers (Vaults:1 Vaults:2 Vaults:3 Vaults:4 Vaults:5)
  A caustic shrike zombie (Depths:1)
  A reaper (Depths:4)
  A balrug (Depths:2)
  7 draconian shifters (Depths:4 Zot:1 Zot:4 Zot:5)
  7 draconian annihilators (Depths:4 Zot:1 Zot:2 Zot:3 Zot:4)
  19 quicksilver oozes (Slime:1 Lair:5 Slime:3 Slime:4 Slime:5)
  23 very ugly things (Vaults:1 Depths:2 Depths:4 Vaults:4 Vaults:5)
  16 stone giants (D:15 Vaults:1 Depths:1 Depths:2 Depths:3)
  5 war gargoyles (Vaults:2 Vaults:3 Vaults:5 Vaults:4)
  The ghost of turdburglar the Martial Artist, a journeyman DsTm of Dithmenos (Lair:6)
  A vampire knight (Zot:3)
  2 spriggan defenders (Depths:1)
  Nessos (Lair:6)
  7 deep elf demonologists (Elf:2 Elf:3)
  14 black draconians (Depths:4 Zot:1 Zot:2 Zot:3 Zot:4)
  2 pale draconians (Depths:4)
  10 deep elf annihilators (Elf:1 Elf:3 Vaults:5)
  13 red draconians (Depths:4 Zot:1 Zot:2 Zot:3 Zot:4)
  9 ironbound thunderhulks (Vaults:1 Vaults:2 Vaults:3 Vaults:4)
  11 white draconians (Zot:1 Zot:2 Zot:4 Zot:5)
  21 green draconians (Depths:4 Zot:2 Zot:3 Zot:4 Zot:5)
  An entropy weaver (shapeshifter) (Depths:4)
  17 purple draconians (Zot:1 Zot:2 Zot:3 Zot:4 Zot:5)
  10 spark wasps (Depths:1 Depths:2 Depths:4)
  8 dire elephants (Lair:4 Lair:6 Vaults:2 Zot:3)
  14 yellow draconians (Zot:1 Zot:2 Zot:3 Zot:4 Zot:5)
  9 ettins (Vaults:2 Depths:2 Depths:4 Vaults:4 Vaults:5)
  3 crystal guardians (Vaults:2 Vaults:3)
  11 deep elf death magi (Elf:1 Elf:3 Vaults:5)
  3 merfolk javelineers (Shoals:1 Shoals:3 Shoals:4)
  11 fire dragons (Depths:1 Depths:2 Depths:3 Depths:4 Zot:4)
  5 merfolk impalers (Shoals:3 Shoals:4 Depths:1)
  6 deep elf high priests (Elf:2 Elf:3 Vaults:5)
  15 great orbs of eyes (Vaults:1 Vaults:3 Depths:1 Depths:2 Depths:3)
  3 jiangshi (Depths:2)
  Fannar (Lair:2)
  18 yaktaur captains (Vaults:1 Vaults:2 Vaults:3 Vaults:4 Vaults:5)
  3 boulder beetles (Lair:3 Lair:4 Vaults:2)
  14 ice dragons (Depths:2 Depths:3 Depths:4 Zot:4)
  37 vault guards (Vaults:1 Vaults:3 Vaults:4 Vaults:5)
  16 naga warriors (Snake:1 Snake:2 Snake:3 Snake:4)
  13 hydras (Lair:1 Lair:3 Lair:4 Lair:6 D:11)
  4 peacekeepers (Vaults:2 Vaults:3)
  5 ironbound frosthearts (Vaults:2 Vaults:3 Vaults:4)
  3 rakshasas (D:13 Depths:2)
  6 merfolk avatars (Shoals:2 Shoals:4)
  2 salamander tyrants (Snake:4 Depths:4)
  16 centaur warriors (D:13 D:14 D:15 Shoals:3 Vaults:1)
  A hell beast (D:11)
  4 ogre magi (D:15 Vaults:4 Vaults:5)
  2 spriggan air magi (Depths:2 Depths:1)
  7 anacondas (Snake:1 Snake:2 Snake:3 Snake:4)
  5 deep troll shamans (Depths:1 Depths:3)
  An anaconda (shapeshifter) (Vaults:5)
  2 death knights (Vaults:2)
  2 satyrs (Shoals:2 Shoals:4)
  2 catoblepae (Lair:1 D:14)
  6 death yaks (D:11 Lair:1 Lair:4 Lair:6)
  A satyr (shapeshifter) (Vaults:5)
  24 dancing weapons (Elf:1 Elf:2 Elf:3)
  2 tengu warriors (Depths:1 Depths:4)
  2 merfolk aquamancers (Shoals:3 Shoals:4)
  3 alligator snapping turtles (Shoals:4)
  18 two-headed ogres (D:8 D:9 D:11 D:12 D:15)
  11 deep troll earth magi (Depths:1 Depths:3 Depths:4 Vaults:5)
  An orc high priest (Elf:1)
  2 vampire magi (Depths:1 Depths:2)
  11 naga sharpshooters (Snake:1 Snake:2 Snake:4)
  2 spriggan berserkers (Depths:3 Depths:4)
  2 hell hogs (Depths:1)
  A spectral dire elephant (Lair:6)
  25 deep elf knights (Elf:1 Elf:2 Elf:3)
  3 sun demons (Depths:1 Depths:2)
  14 hell knights (Depths:1 Depths:2)
  7 salamander mystics (Snake:3 Snake:4 Depths:4)
  A spriggan (Depths:2)
  2 soul eaters (Depths:1)
  11 iron trolls (Depths:1 Depths:3 Depths:4)
  A shadow wraith (Vaults:2)
  10 shock serpents (Snake:2 Snake:3 Snake:4)
  51 deep trolls (Vaults:1 Vaults:2 Vaults:3 Vaults:4 Depths:1)
  A spark wasp zombie (Depths:1)
  A sea snake (shapeshifter) (Depths:2)
  A spectral anaconda (Lair:6)
  10 deep elf archers (Elf:1 Elf:2 Vaults:5)
  5 swamp dragons (Depths:4 Zot:4)
  11 sea snakes (Shoals:1 Shoals:2 Shoals:3 Shoals:4)
  3 naga ritualists (Snake:1 Snake:3 Snake:4)
  7 glowing orange brains (Vaults:1 Depths:1 Depths:3 Depths:4)
  15 ironbound convokers (Vaults:1 Vaults:3 Vaults:4 Vaults:5)
  7 wizards (Vaults:1 Vaults:2 Vaults:3 Depths:2)
  23 deep elf zephyrmancers (Elf:1 Elf:2 Elf:3 Vaults:5)
  10 lindwurms (Vaults:1 Vaults:2 Vaults:3 Vaults:4)
  8 necromancers (Lair:6 Vaults:4 Depths:1 Elf:1)
  36 deep elf pyromancers (Volcano D:13 D:14 Elf:1 Elf:2)
  2 obsidian statues (D:11 Lair:6)
  10 mana vipers (Snake:1 Snake:4)
  20 harpies (Shoals:3 Shoals:4 Vaults:1 Vaults:5)
  12 orc knights (D:15 Vaults:4 D:13 Elf:1 Vaults:5)
  4 phantasmal warriors (Vaults:5)
  A human zombie (Vaults:4)
  30 ugly things (D:13 D:14 Vaults:1 Vaults:3 Depths:2)
  A wolf spider (D:13)
  5 fauns (Shoals:1 Shoals:2 Shoals:3)
  24 moths of wrath (Zot:1 Zot:2 Zot:3 Zot:4)
  2 orc sorcerers (Orc:1 Elf:3)
  25 manticores (D:11 Lair:4 D:12 D:13 D:14)
  22 salamanders (Snake:1 Snake:2 Snake:3 Snake:4 Depths:4)
  11 shining eyes (Slime:1 Slime:2 Slime:3 Slime:4 Slime:5)
  A frost giant skeleton (Depths:1)
  11 cyclopes (D:11 Orc:1 D:13 D:14 D:15)
  An iron dragon skeleton (Vaults:4)
  5 water nymphs (Shoals:1 Shoals:4)
  9 elephants (Lair:4 Lair:6)
  A black mamba (shapeshifter) (D:13)
  7 merfolk sirens (Shoals:1 Shoals:2 Shoals:4)
  2 eyes of devastation (Lair:6 Slime:5)
  A torpor snail (Lair:1)
  14 vault sentinels (Vaults:1 Vaults:2 Vaults:4 Vaults:5)
  30 black mambas (Lair:4 D:15 Snake:1 Snake:2 Snake:3)
  11 naga magi (Snake:1 Snake:2 Snake:3 Snake:4)
  3 gargoyles (D:12 D:13 D:14)
  11 guardian serpents (Snake:1 Snake:2 Snake:3 Snake:4)
  11 cane toads (Lair:1 Lair:2 Lair:3 Lair:4 Lair:5)
  An eye of devastation (shapeshifter) (Elf:1)
  A smoke demon (Depths:2)
  A dire elephant skeleton (Lair:6)
  2 unseen horrors (D:15)
  A kobold demonologist (D:9)
  3 rime drakes (Lair:3 Lair:4 Lair:6)
  3 freezing wraiths (D:14 Vaults:5)
  A komodo dragon (shapeshifter) (Elf:3)
  20 yaktaurs (Vaults:1 Vaults:2 Vaults:4)
  A tormentor (Depths:3)
  12 komodo dragons (D:11 Lair:2 Lair:3 Lair:4 Lair:6)
  A tengu conjurer (Depths:1)
  2 polar bears (Lair:3 Lair:6)
  A queen bee (shapeshifter) (D:13)
  24 merfolk (Shoals:1 Shoals:2 Shoals:3 Shoals:4)
  6 trolls (D:9 Orc:2 D:12 D:13)
  A troll (shapeshifter) (Vaults:5)
  A hornet (Depths:2)
  A spectral elephant (Lair:6)
  11 wind drakes (Lair:4 Shoals:1 Shoals:2 Shoals:3 Shoals:4)
  13 dream sheep (Lair:4 Lair:6 Shoals:2)
  15 blink frogs (Lair:2 Lair:4 Lair:6)
  117 slime creatures (Lair:5 D:12 D:15 Vaults:1 Vaults:2)
  14 snapping turtles (Shoals:1 Shoals:2 Shoals:3 Shoals:4)
  A fire giant simulacrum (Vaults:4)
  4 large abominations (Elf:1)
  A stone giant simulacrum (Depths:1)
  2 air elementals (Elf:2 Elf:3)
  3 wraiths (D:10 D:12)
  8 wyverns (D:8 Lair:1 Lair:2 Lair:3 Lair:4)
  18 water elementals (D:11 Shoals:1 Shoals:2 Shoals:3 Shoals:4)
  6 elf zombies (Vaults:4 Elf:1)
  5 basilisks (Lair:1 Lair:4 D:14 D:15)
  5 fire bats (D:15 Depths:4)
  8 fire elementals (Volcano Elf:1 Elf:2 Elf:3)
  32 yaks (D:8 Lair:1 Lair:2 Lair:3 Lair:4)
  20 golden eyes (Slime:1 Slime:3)
  A human (shapeshifter) (D:15)
  4 steam dragons (D:7 Depths:4)
  5 vampire mosquitoes (D:13 D:15)
  33 nagas (Snake:1 Snake:2 Snake:3 Snake:4)
  A swamp worm (shapeshifter) (Vaults:5)
  2 wargs (Orc:2 Orc:1)
  A two-headed ogre zombie (D:9)
  2 acid dragons (D:13)
  Edmund (D:5)
  14 water moccasins (D:6 Lair:1 Lair:2 Lair:3 Lair:4)
  2 floating eyes (Zot:3)
  10 hell hounds (Volcano D:15)
  57 orc warriors (D:5 D:9 D:10 D:11 Orc:1)
  A floating eye (shapeshifter) (Vaults:5)
  2 ice beasts (D:5)
  A black bear (D:4)
  2 sky beasts (D:7 D:8)
  A spriggan simulacrum (Depths:1)
  A necrophage (D:5)
  13 ogres (D:6 Orc:1 D:15 Vaults:4)
  12 wolves (Lair:3 Lair:4 Lair:5 Lair:6 D:15)
  3 phantoms (D:9)
  30 centaurs (D:6 D:9 D:10 D:11 Orc:2)
  15 kobold brigands (D:5 D:8 D:9)
  17 bullfrogs (D:5 D:7 D:8 Lair:1 Lair:2)
  2 gnoll sergeants (D:10 Orc:2)
  An earth elemental (Elf:2)
  2 scorpions (D:3 D:4)
  A cane toad simulacrum (Lair:6)
  A wyvern skeleton (D:6)
  A water moccasin skeleton (D:6)
  A troll zombie (D:9)
  3 vampire bats (D:15)
  An elephant simulacrum (Lair:6)
  24 killer bees (D:8 D:9 D:10 D:11)
  6 wights (D:6 D:7 D:8 D:9)
  4 electric eels (Lair:5 D:11 D:12)
  3 howler monkeys (D:7)
  A bullfrog skeleton (D:6)
  2 bullfrog zombies (D:5 D:7)
  22 orc priests (D:3 D:4 D:8 D:9 D:10)
  A centaur skeleton (D:7)
  7 hounds (D:5 D:6 D:15)
  3 jellies (D:5 D:8 Lair:5)
  Jessica (D:2)
  4 iguanas (D:5 D:6)
  22 orc wizards (D:3 D:4 D:6 D:9 D:10)
  3 hell rats (Sewer D:15)
  6 ogre zombies (D:9)
  3 hound skeletons (D:4 D:5)
  A howler monkey zombie (D:9)
  Robin (D:4)
  13 gnolls (D:2 D:5 Orc:2 Orc:1)
  A howler monkey skeleton (D:6)
  11 adders (D:2 D:3 D:4 D:5 D:15)
  5 river rats (Sewer D:15)
  A white imp (D:8)
  3 ufetubi (D:5 D:6)
  3 worms (D:2 D:5)
  6 dart slugs (D:2 D:3 D:4)
  75 orcs (D:3 D:4 D:6 D:5 D:8)
  10 ball pythons (D:1 D:2 D:3 D:4 D:15)
  13 bats (D:1 D:2 D:3 D:15)
  11 endoplasms (D:1 D:2 D:3 D:4)
  A giant cockroach (D:1)
  12 goblins (D:1 D:2 D:3 D:4)
  9 hobgoblins (D:1 D:2 D:3 D:4)
  14 jackals (D:1 D:2 D:15)
  5 quokkas (D:1 D:2 D:3)
  5 frilled lizards (D:1 D:2 D:3)
  A goblin skeleton (D:9)
  2 goblin zombies (D:9)
  3 hobgoblin skeletons (D:9)
  A hobgoblin zombie (D:9)
  29 kobolds (D:1 D:2 D:3 D:4 D:5)
  2 orc skeletons (D:9)
  16 orc zombies (D:9)
  21 rats (D:1 D:2 D:3 Sewer D:15)
  14 tentacles (Shoals:2 Shoals:4)
2413 creatures vanquished.

Vanquished Creatures (collateral kills)
  An ironbound preserver (Vaults:1)
  A yaktaur captain (Vaults:1)
  An ironbound frostheart (Vaults:1)
  A deep elf archer (Volcano)
  2 ugly things (Vaults:3)
  A vault sentinel (Vaults:4)
  A freezing wraith (D:14)
  A phantom (D:4)
9 creatures vanquished.

Vanquished Creatures (others)
  A dread lich (Zot:4)
  A fire giant (Depths:1)
  A tengu conjurer (Depths:2)
  An acid dragon (Zot:4)
  47 fungi (Lair:1 Lair:3 Lair:4 Lair:5 Lair:6)
  126 plants (Lair:1 Lair:2 Lair:3 Lair:4 Lair:5)
  23 tentacles (Shoals:2 Shoals:4)
  38 withered plants (Lair:6)
238 creatures vanquished.

Grand Total: 2660 creatures vanquished
